AoeStats
← Barnico

Nomad

505930923Analyzed
2v2 RM · 22d ago on Sep 11, 2026· 37m 48s· 4 players
Game mode
Random Map
Map size
176×176
Population
200
Speed
Normal
Resources
Standard
Victory
Conquest
Starting age
Dark Age
Ending age
Imperial Age
RankedLock teamsTeams togetherTeam positionsShared explorationLock speedFull tech treeHidden civsTurbo modeCheats
Victory
Defeat
🇷🇺 Mongols · Russia
1069
+15
🇨🇦 Vikings · Canada
1024
+17
🇳🇱 Chinese · Netherlands
1062
-17
🇳🇱 Franks · Netherlands
1015
-15
lightpolus
11:38 Loom
14:00 Feudal Age
15:14 Double-Bit Axe
19:40 Castle Age
19:37 Scale Barding Armor
19:32 Horse Collar
21:14 Gold Mining
24:29 Wheelbarrow
24:10 Bow Saw
25:46 Chain Barding Armor
26:09 Husbandry
28:37 Bloodlines
30:50 Forging
36:55 Iron Casting
37:41 Hand Cart
Barnico
6:21 Loom
14:49 Feudal Age
15:23 Double-Bit Axe
24:01 Castle Age
23:10 Stone Mining
24:05 Padded Archer Armor
23:55 Fletching
25:15 Town Watch
26:51 Scale Mail Armor
27:02 Forging
35:58 Leather Archer Armor
35:39 Bodkin Arrow
36:06 Horse Collar
36:34 Elite Skirmisher
Nylsoo
3:02 Loom
14:23 Feudal Age
15:53 Horse Collar
16:10 Double-Bit Axe
22:13 Fletching
24:51 Castle Age
23:03 Fishing Lines
25:46 Medium Warships
26:27 Bow Saw
26:19 Heavy Plow
26:16 Stone Mining
26:18 Gold Mining
26:32 Bodkin Arrow
27:56 Crossbowman
28:49 Padded Archer Armor
29:44 Thumb Ring
30:40 Leather Archer Armor
31:02 Wheelbarrow
32:12 Hand Cart
37:12 Gold Shaft Mining
taaier
15:25 Feudal Age
19:10 Castle Age
17:16 Double-Bit Axe
19:51 Scale Barding Armor
20:01 Forging
Connection lost

Rejoining the realm…

Still unreachable

The connection could not be restored.

Session expired

The server has moved on; the page needs a fresh start.